TOP OF THE 1ST |
Tortolita Drummers batting - Pitching for Port Royal Disaster : RHP Artie Horton
|
Pitching: RHP Artie Horton
|
|
Batting: SHB Will Brock
|
0-0: Ball 1-0: Foul Ball, location: 2F 1-1: Swinging Strike 1-2: Ball 2-2: Ball 3-2: SINGLE (Line Drive, 8RS)
|
Batting: SHB Dan Godwin
|
0-0: Ground out 3-1 (Groundball, 34) Will Brock to second
|
Batting: RHB Joey Morgan
|
0-0: Ball Will Brock steals 3rd base 1-0: Ball 2-0: Ground out 5-3 (Groundball, 5S)
|
Batting: SHB Yosuke Kiyomizu
|
0-0: Ball 1-0: Ball 2-0: Ball 3-0: Called Strike 3-1: Base on Balls
|
Batting: LHB Keith Spear
|
0-0: Called Strike 0-1: Ball 1-1: Foul Ball, location: 2F 1-2: Foul Ball, location: 2F 1-2: Ball 2-2: SINGLE (Line Drive, 8LS) Will Brock scores Yosuke Kiyomizu to second
|
Batting: RHB Lonnie Conrad
|
0-0: Ball 1-0: Foul Ball, location: 2F 1-1: Ground out 5-3 (Groundball, 15S)
|
Top of the 1st over - 1 run(s), 2 hit(s), 0 error(s), 2 left on base; Tortolita 1 - Port Royal 0 |
BOTTOM OF THE 1ST |
Port Royal Disaster batting - Pitching for Tortolita Drummers : RHP Francisco López
|
Pitching: RHP Francisco López
|
|
Batting: LHB Chris Whiteside
|
0-0: Foul Ball, location: 2F 0-1: Ball 1-1: Ball 2-1: Foul Ball, location: 2F 2-2: Ball 3-2: Foul Ball, location: 2F 3-2: Foul Ball, location: 2F 3-2: Strikes out swinging
|
Batting: RHB Stu Shaw
|
0-0: Called Strike 0-1: Ball 1-1: Ball 2-1: SINGLE (Groundball, 4M)
|
Batting: RHB Mike Green
|
0-0: Fly out, F7 (Line Drive, 7S)
|
Batting: RHB Toshitsugu Sakamoto
|
Pickoff Throw to First - Out!
|
Bottom of the 1st over - 0 run(s), 1 hit(s), 0 error(s), 0 left on base; Tortolita 1 - Port Royal 0 |
TOP OF THE 2ND |
Tortolita Drummers batting - Pitching for Port Royal Disaster : RHP Mac Merritt
|
Pitching: RHP Mac Merritt
|
|
Batting: RHB Anastasio Cabanillas
|
0-0: Ball 1-0: Ball 2-0: Foul Ball, location: 2F 2-1: Ball 3-1: SINGLE (Groundball, 56)
|
Batting: RHB Dan Lewis
|
0-0: Foul Ball, location: 2F 0-1: Called Strike 0-2: Strikes out swinging
|
Batting: RHB Ray Whittier
|
0-0: Ball 1-0: Fly out, F4 (Line Drive, 4)
|
Batting: SHB Will Brock
|
0-0: Ball 1-0: Ball 2-0: Ball 3-0: Called Strike 3-1: Called Strike 3-2: Base on Balls Anastasio Cabanillas to second
|
Batting: SHB Dan Godwin
|
0-0: Ball 1-0: Swinging Strike 1-1: Called Strike 1-2: Strikes out looking
|
Top of the 2nd over - 0 run(s), 1 hit(s), 0 error(s), 2 left on base; Tortolita 1 - Port Royal 0 |
BOTTOM OF THE 2ND |
Port Royal Disaster batting - Pitching for Tortolita Drummers : RHP Francisco López
|
Batting: RHB Toshitsugu Sakamoto
|
0-0: Called Strike 0-1: SINGLE (Groundball, 6)
|
Batting: LHB Randy Bowen
|
0-0: Foul Ball, location: 2F 0-1: Ball 1-1: Called Strike 1-2: Strikes out swinging
|
Batting: LHB Peter Paul
|
0-0: Fly out, F7 (Flyball, 7S)
|
Batting: LHB Nelson Sanders
|
0-0: Ball 1-0: Foul Ball, location: 2F 1-1: SINGLE (Line Drive, 56D) Toshitsugu Sakamoto to second
|
Batting: RHB Dave Sterling
|
0-0: Foul Ball, location: 2F 0-1: Swinging Strike 0-2: Strikes out looking
|
Bottom of the 2nd over - 0 run(s), 2 hit(s), 0 error(s), 2 left on base; Tortolita 1 - Port Royal 0 |
TOP OF THE 3RD |
Tortolita Drummers batting - Pitching for Port Royal Disaster : RHP Mac Merritt
|
Batting: RHB Joey Morgan
|
0-0: Ball 1-0: Swinging Strike 1-1: Foul Ball, location: 2F 1-2: Ball 2-2: Foul Ball, location: 2F 2-2: Ball 3-2: Base on Balls
|
Batting: SHB Yosuke Kiyomizu
|
0-0: Called Strike 0-1: Ball 1-1: Ball 2-1: Foul Ball, location: 2F 2-2: Ball 3-2: SINGLE (Groundball, 34D) Joey Morgan to second Runner from 2nd tries for 3rd, SAFE, no throw or cutoff
|
Batting: LHB Keith Spear
|
0-0: Called Strike 0-1: Swinging Strike 0-2: Strikes out looking
|
Batting: RHB Lonnie Conrad
|
0-0: Ball 1-0: SINGLE (Groundball, 6MD) Joey Morgan scores Yosuke Kiyomizu to second
|
Batting: RHB Anastasio Cabanillas
|
0-0: Ball 1-0: Ball 2-0: Called Strike 2-1: Ball 3-1: Called Strike 3-2: Base on Balls Yosuke Kiyomizu to third Lonnie Conrad to second
|
Batting: RHB Dan Lewis
|
0-0: Ball 1-0: Ball 2-0: Fielders Choice at 2nd, 6-4 (Groundball, 6) Yosuke Kiyomizu scores Lonnie Conrad to third
|
Batting: RHB Ray Whittier
|
0-0: Called Strike Dan Lewis steals 2nd base 0-1: Ball 1-1: Ball 2-1: SINGLE (Line Drive, 3D) Lonnie Conrad scores Dan Lewis to third Runner from 3rd tries for Home, SAFE, no throw or cutoff
|
Pitching: RHP Paul Abbott
|
|
Batting: SHB Will Brock
|
0-0: Swinging Strike 0-1: Ball 1-1: Called Strike 1-2: Ball 2-2: Ball 3-2: Foul Ball, location: 2F 3-2: Base on Balls Ray Whittier to second
|
Batting: SHB Dan Godwin
|
0-0: Ground out 1-3 (Groundball, 23)
|
Top of the 3rd over - 4 run(s), 3 hit(s), 0 error(s), 2 left on base; Tortolita 5 - Port Royal 0 |
BOTTOM OF THE 3RD |
Port Royal Disaster batting - Pitching for Tortolita Drummers : RHP Francisco López
|
Batting: RHB Brian Olivares
|
0-0: Ball 1-0: Fly out, F8 (Flyball, 78XD)
|
Batting: LHB Chris Whiteside
|
0-0: Swinging Strike 0-1: Swinging Strike 0-2: SINGLE (Line Drive, 8LS)
|
Batting: RHB Stu Shaw
|
0-0: Ball Chris Whiteside steals 2nd base 1-0: Called Strike 1-1: Called Strike Chris Whiteside steals 3rd base 1-2: Ground out 4-3 (Groundball, 4M) Chris Whiteside scores
|
Batting: RHB Mike Green
|
0-0: Ball 1-0: Foul Ball, location: 2F 1-1: Fly out, F6 (Line Drive, 6M)
|
Bottom of the 3rd over - 1 run(s), 1 hit(s), 0 error(s), 0 left on base; Tortolita 5 - Port Royal 1 |
TOP OF THE 4TH |
Tortolita Drummers batting - Pitching for Port Royal Disaster : RHP Paul Abbott
|
Batting: RHB Joey Morgan
|
0-0: Called Strike 0-1: Foul Ball, location: 2F 0-2: Strikes out swinging
|
Batting: SHB Yosuke Kiyomizu
|
0-0: Foul Ball, location: 2F 0-1: Ball 1-1: Ball 2-1: Foul Ball, location: 2F 2-2: Foul Ball, location: 2F 2-2: Foul Ball, location: 2F 2-2: Ball 3-2: Fly out, F8 (Flyball, 8RD)
|
Batting: LHB Keith Spear
|
0-0: Ball 1-0: Ball 2-0: Ball 3-0: Base on Balls
|
Batting: RHB Lonnie Conrad
|
0-0: Ball 1-0: Called Strike 1-1: Ball 2-1: SINGLE (Line Drive, 89S) Keith Spear to second
|
Batting: RHB Anastasio Cabanillas
|
0-0: Fielders Choice at 2nd, 6-4 (Groundball, 6)
|
Top of the 4th over - 0 run(s), 1 hit(s), 0 error(s), 1 left on base; Tortolita 5 - Port Royal 1 |
BOTTOM OF THE 4TH |
Port Royal Disaster batting - Pitching for Tortolita Drummers : RHP Francisco López
|
Batting: RHB Toshitsugu Sakamoto
|
0-0: Called Strike 0-1: Foul Ball, location: 2F 0-2: Ball 1-2: Ground out 6-3 (Groundball, 6)
|
Batting: LHB Randy Bowen
|
0-0: Ball 1-0: Ball 2-0: Fly out, F8 (Line Drive, 8RD)
|
Now in CF: Robert Bailey
|
|
Batting: LHB Peter Paul
|
0-0: Ball 1-0: Reached on error, E4 (Groundball, 34)
|
Batting: LHB Nelson Sanders
|
0-0: Called Strike 0-1: Called Strike 0-2: Ball Peter Paul is caught stealing 2nd base
|
Bottom of the 4th over - 0 run(s), 0 hit(s), 1 error(s), 0 left on base; Tortolita 5 - Port Royal 1 |
TOP OF THE 5TH |
Tortolita Drummers batting - Pitching for Port Royal Disaster : RHP Paul Abbott
|
Batting: RHB Dan Lewis
|
0-0: Ball 1-0: Ball 2-0: Ball 3-0: Called Strike 3-1: Foul Ball, location: 2F 3-2: Foul Ball, location: 2F 3-2: Strikes out swinging
|
Batting: RHB Ray Whittier
|
0-0: Ball 1-0: Ground out 5-3 (Groundball, 56)
|
Batting: RHB Robert Bailey
|
0-0: Ball 1-0: Foul Ball, location: 2F 1-1: Swinging Strike 1-2: Strikes out swinging
|
Top of the 5th over - 0 run(s), 0 hit(s), 0 error(s), 0 left on base; Tortolita 5 - Port Royal 1 |
BOTTOM OF THE 5TH |
Port Royal Disaster batting - Pitching for Tortolita Drummers : RHP Francisco López
|
Batting: LHB Nelson Sanders
|
0-0: DOUBLE (Line Drive, 9LD)
|
Batting: RHB Dave Sterling
|
0-0: Ball 1-0: Called Strike 1-1: Ball 2-1: Fly out, F7 (Flyball, 7LMF)
|
Batting: RHB Brian Olivares
|
0-0: Called Strike 0-1: Ground out 6-3 (Groundball, 6) Nelson Sanders to third
|
Batting: LHB Chris Whiteside
|
0-0: Called Strike 0-1: SINGLE (Groundball, 34) (infield hit) Nelson Sanders scores
|
Batting: RHB Stu Shaw
|
0-0: Ball Chris Whiteside steals 2nd base 1-0: Fly out, F4 (Popup, 6MD)
|
Bottom of the 5th over - 1 run(s), 2 hit(s), 0 error(s), 1 left on base; Tortolita 5 - Port Royal 2 |
TOP OF THE 6TH |
Tortolita Drummers batting - Pitching for Port Royal Disaster : RHP Paul Abbott
|
Batting: SHB Dan Godwin
|
0-0: Swinging Strike 0-1: Reached on error, E3 (Groundball, 3L)
|
Batting: RHB Joey Morgan
|
0-0: Fly out, F7 (Flyball, 7D)
|
Batting: SHB Yosuke Kiyomizu
|
0-0: Foul Ball, location: 2F 0-1: Ball 1-1: Ball 2-1: Ball 3-1: Foul Ball, location: 2F 3-2: Base on Balls Dan Godwin to second
|
Batting: LHB Keith Spear
|
0-0: Ball 1-0: Ball 2-0: Swinging Strike 2-1: Fly out, F7 (Flyball, 78M)
|
Pitching: LHP Zach Brown
|
|
Batting: RHB Lonnie Conrad
|
0-0: Called Strike 0-1: Ball 1-1: Foul Ball, location: 2F 1-2: Foul Ball, location: 2F 1-2: Ball 2-2: Strikes out looking
|
Top of the 6th over - 0 run(s), 0 hit(s), 1 error(s), 2 left on base; Tortolita 5 - Port Royal 2 |
BOTTOM OF THE 6TH |
Port Royal Disaster batting - Pitching for Tortolita Drummers : RHP Francisco López
|
Batting: RHB Mike Green
|
0-0: Ball 1-0: Ball 2-0: Ball 3-0: Called Strike 3-1: Fly out, F6 (Popup, 6)
|
Batting: RHB Toshitsugu Sakamoto
|
0-0: Foul Ball, location: 2F 0-1: Ball 1-1: Ball 2-1: Ball 3-1: Fly out, F7 (Flyball, 7D)
|
Batting: LHB Randy Bowen
|
0-0: Called Strike 0-1: Called Strike 0-2: Ball 1-2: Strikes out swinging
|
Bottom of the 6th over - 0 run(s), 0 hit(s), 0 error(s), 0 left on base; Tortolita 5 - Port Royal 2 |
TOP OF THE 7TH |
Tortolita Drummers batting - Pitching for Port Royal Disaster : LHP Zach Brown
|
Batting: RHB Anastasio Cabanillas
|
0-0: Foul Ball, location: 2F 0-1: Ball 1-1: Ball 2-1: Ball 3-1: Called Strike 3-2: Fly out, F7 (Flyball, 78XD)
|
Batting: RHB Dan Lewis
|
0-0: Swinging Strike 0-1: Ball 1-1: SINGLE (Flyball, 78S)
|
Batting: RHB Ray Whittier
|
0-0: Ball 1-0: Called Strike 1-1: Ball 2-1: Foul Ball, location: 2F 2-2: Foul Ball, location: 2F 2-2: Foul Ball, location: 2F 2-2: Strikes out swinging
|
Batting: RHB Robert Bailey
|
0-0: Foul Ball, location: 2F 0-1: Ball 1-1: Called Strike 1-2: Strikes out looking
|
Top of the 7th over - 0 run(s), 1 hit(s), 0 error(s), 1 left on base; Tortolita 5 - Port Royal 2 |
BOTTOM OF THE 7TH |
Port Royal Disaster batting - Pitching for Tortolita Drummers : RHP Francisco López
|
Batting: LHB Peter Paul
|
0-0: Called Strike 0-1: Ball 1-1: Ball 2-1: Ball 3-1: SINGLE (Groundball, 56)
|
Batting: LHB Nelson Sanders
|
0-0: Ball 1-0: Foul Ball, location: 2F 1-1: Foul Ball, location: 2F 1-2: Strikes out swinging
|
Batting: RHB Dave Sterling
|
0-0: Grounds into double play, 6-4-3 (Groundball, 6)
|
Bottom of the 7th over - 0 run(s), 1 hit(s), 0 error(s), 0 left on base; Tortolita 5 - Port Royal 2 |
TOP OF THE 8TH |
Tortolita Drummers batting - Pitching for Port Royal Disaster : LHP Zach Brown
|
Batting: SHB Dan Godwin
|
0-0: Called Strike 0-1: Ground out 5-3 (Groundball, 56)
|
Batting: RHB Joey Morgan
|
0-0: Ball 1-0: DOUBLE (Line Drive, 7LS)
|
Batting: SHB Yosuke Kiyomizu
|
0-0: Intentional Walk
|
Batting: LHB Keith Spear
|
0-0: Foul Ball, location: 2F 0-1: Ball 1-1: Ball 2-1: Grounds into double play, 6-4-3 (Groundball, 6M)
|
Top of the 8th over - 0 run(s), 1 hit(s), 0 error(s), 1 left on base; Tortolita 5 - Port Royal 2 |
BOTTOM OF THE 8TH |
Port Royal Disaster batting - Pitching for Tortolita Drummers : RHP Francisco López
|
Pitching: RHP Artie Chávez
|
|
Batting: RHB Brian Olivares
|
0-0: Ball 1-0: Foul Ball, location: 2F 1-1: Swinging Strike 1-2: Foul Ball, location: 2F 1-2: Foul Ball, location: 2F 1-2: Foul Ball, location: 2F 1-2: Strikes out swinging
|
Batting: LHB Chris Whiteside
|
0-0: Called Strike 0-1: Ball 1-1: Ball 2-1: Ground out 1-3 (Groundball, 13)
|
Batting: RHB Stu Shaw
|
0-0: Ball 1-0: Swinging Strike 1-1: Swinging Strike 1-2: Ball 2-2: Foul Ball, location: 2F 2-2: Foul Ball, location: 2F 2-2: Ball 3-2: Foul Ball, location: 2F 3-2: Fly out, F4 (Popup, 4)
|
Bottom of the 8th over - 0 run(s), 0 hit(s), 0 error(s), 0 left on base; Tortolita 5 - Port Royal 2 |
TOP OF THE 9TH |
Tortolita Drummers batting - Pitching for Port Royal Disaster : LHP Zach Brown
|
Pitching: LHP António Venegas
|
|
Batting: RHB Lonnie Conrad
|
0-0: Ball 1-0: Ball 2-0: Ball 3-0: Called Strike 3-1: Base on Balls
|
Batting: RHB Anastasio Cabanillas
|
0-0: Ball 1-0: Swinging Strike 1-1: Foul Ball, location: 2F 1-2: Grounds into double play, 6-4-3 (Groundball, 6)
|
Batting: RHB Dan Lewis
|
0-0: Ball 1-0: Ball 2-0: Foul Ball, location: 2F 2-1: Ground out 4-3 (Groundball, 4)
|
Top of the 9th over - 0 run(s), 0 hit(s), 0 error(s), 0 left on base; Tortolita 5 - Port Royal 2 |
BOTTOM OF THE 9TH |
Port Royal Disaster batting - Pitching for Tortolita Drummers : RHP Artie Chávez
|
Pitching: LHP Jud Riggs
|
|
Batting: RHB Mike Green
|
0-0: Ball 1-0: Ball 2-0: Called Strike 2-1: Fly out, F9 (Flyball, 9D)
|
Batting: RHB Toshitsugu Sakamoto
|
0-0: Ball 1-0: Called Strike 1-1: Swinging Strike 1-2: Strikes out swinging
|
Batting: LHB Randy Bowen
|
0-0: Called Strike 0-1: Foul Ball, location: 2F 0-2: Fly out, F3 (Line Drive, 3)
|
Bottom of the 9th over - 0 run(s), 0 hit(s), 0 error(s), 0 left on base; Tortolita 5 - Port Royal 2 |
|